 Dungeon Crawl Stone Soup version 0.24.1-4-ge52af88ad5 (webtiles) character file.

Game seed: 7932206565095693037, levelgen mode: deterministic

400 Peloso the Shield-Bearer (level 6, -1/53 HPs)
             Began as a Minotaur Fighter on Apr 16, 2020.
             Slain by an ogre
             ... wielding a +0 giant spiked club
              (16 damage)
             ... on level 4 of the Dungeon.
             The game lasted 00:08:10 (3085 turns).

Peloso the Shield-Bearer (Minotaur Fighter)         Turns: 3085, Time: 00:08:11

Health: -1/53      AC: 12    Str: 21    XL:     6   Next: 54%
Magic:  5/5        EV:  5    Int:  3    God:
Gold:   139        SH: 10    Dex: 11    Spells: 5/5 levels left

rFire    x . .     SeeInvis .   a - +0 long sword
rCold    + . .     Gourm    .   c - +0 shield
rNeg     . . .     Faith    .   o - +0 plate armour
rPois    .         Spirit   .   (helmet restricted)
rElec    .         Reflect  .   (no cloak)
rCorr    .         Harm     .   (no gloves)
MR       .....                  (no boots)
Stlth    ..........             (no amulet)
HPRegen  0.17/turn              m - ring of ice
MPRegen  0.09/turn              (no ring)

@: no status effects
A: retaliatory headbutt, horns 2, dopey 1, mutation resistance 1
a: no special abilities


You were on level 4 of the Dungeon.
You were hungry.

You visited 1 branch of the dungeon, and saw 4 of its levels.
You also visited: Sewer.

You collected 139 gold pieces.

Inventory:

Hand Weapons
 a - a +0 long sword (weapon)
Armour
 b - a +0 scale mail
 c - a +0 shield (worn)
 i - a +0 chain mail
 o - a +0 plate armour (worn)
Jewellery
 m - a ring of ice (left hand)
Scrolls
 g - a scroll of identify
 h - a scroll of magic mapping
 j - a scroll of fear
 k - a scroll of blinking
 l - a scroll of teleportation
Potions
 d - 3 potions of might
 e - 2 potions of heal wounds
 n - a potion of curing
Comestibles
 f - 4 rations


   Skills:
 + Level 4.6 Fighting
 + Level 5.0 Long Blades
 + Level 5.3 Armour
 + Level 1.4 Dodging
 + Level 0.8 Stealth
 + Level 5.4 Shields


You had 5 spell levels left.
You didn't know any spells.
Your spell library was empty.

Dungeon Overview and Level Annotations

Branches:
Dungeon (4/15)              Sewer (visited)
 Temple: D:4-7

Altars:
Fedhas
Wu Jian
Xom
Yredelemnul


Innate Abilities, Weirdness & Mutations

You reflexively headbutt those who attack you in melee.
You have a pair of horns on your head.
You are dopey. (Int -2)
You are somewhat resistant to further mutation.


Message History

The orc shouts!
An orc comes into view. It is wielding a +0 flail.
You slash the ogre!
The ogre is moderately wounded.
The ogre hits you but does no damage.
An orc comes into view.
You hit the ogre.
The ogre is moderately wounded.
The ogre hits you with a +0 giant spiked club!
Your shield and plate armour prevent you from hitting the ogre.
You headbutt the ogre.
The ogre is heavily wounded.
The ogre hits you with a +0 giant spiked club!!
The orc hits you with a +0 mace.
* * * LOW HITPOINT WARNING * * *
Your plate armour prevents you from hitting the ogre.
You headbutt the ogre!
The ogre is severely wounded.
The ogre hits you with a +0 giant spiked club!
You die...

.....## %....##
#.....## ≈≈
......#### ≈ ≈
#.ooo.... ≈≈#≈
#..o...#
≈≈≈≈#..O...#
#≈≈#..@o.#
#.....##
###....######
#....<.[......
.......#######".
..##..# ##. ..
##


You could see an ogre and 5 orcs.

Vanquished Creatures
  2 big kobolds (Sewer)
  A crimson imp (D:3)
  5 adders
  3 gnolls (D:2)
  A river rat (Sewer)
  4 oozes
  A worm (Sewer)
  3 dart slugs
  4 leopard geckos (D:3)
  8 orcs (D:3)
  8 giant cockroaches
  6 goblins
  6 hobgoblins
  12 jackals (D:2)
  13 kobolds
  3 quokkas
  A ball python (D:1)
  10 bats
  5 frilled lizards
  5 rats
101 creatures vanquished.

Notes
Turn   | Place    | Note
-------+----------+-------------------------------------------
     0 | D:1      | Peloso the Minotaur Fighter began the quest for the Orb.
     0 | D:1      | Reached XP level 1. HP: 19/19 MP: 0/0
   154 | D:1      | Reached XP level 2. HP: 24/27 MP: 1/1
   566 | D:1      | Gained mutation: You are dopey. (Int -2) [potion of
                  | mutation]
   566 | D:1      | Gained mutation: You are somewhat resistant to further
                  | mutation. [potion of mutation]
   638 | D:2      | Reached XP level 3. HP: 23/33 MP: 2/2
   672 | D:2      | Reached XP level 4. HP: 9/40 MP: 3/3
  1382 | D:2      | Found a basalt altar of Yredelemnul.
  1425 | D:2      | Found a blossoming altar of Fedhas.
  1963 | D:3      | Found a glowing drain.
  1981 | D:3      | Reached XP level 5. HP: 47/47 MP: 4/4
  1986 | Sewer    | Entered a sewer
  2054 | Sewer    | Reached skill level 5 in Armour
  2163 | Sewer    | Reached skill level 1 in Dodging
  2265 | Sewer    | Reached skill level 5 in Shields
  2265 | Sewer    | Reached XP level 6. HP: 35/53 MP: 5/5
  2575 | D:3      | Found an ornate altar of the Wu Jian Council.
  2575 | D:3      | Found a shimmering altar of Xom.
  2772 | D:3      | Reached skill level 5 in Long Blades
  3085 | D:4      | Slain by an ogre

Levels and vault maps discovered:
D:1:      dpeg_arrival_water_fire, layout_rooms, hex_tiny, minivault_25
D:2:      layout_loops_ring, overflow_temple_1_default, first_ration,
          fedhas_altar_4
D:3:      layout_basic, chequers_temple_overflow_statue_of_worship,
          gup_sewer_entry_pipe, hangedman_decor_push
D:4:      layout_loops_ring, elyvilon_altar_3, serial_forest,
          infiniplex_forest_straight_3, infiniplex_forest_end_3,
          infiniplex_forest_clump_diagonal, infiniplex_forest_fountain,
          infiniplex_forest_clump_medium, infiniplex_forest_lined_3,
          minivault_4, serial_park_tiny_2

Skill      XL: |  1  2  3  4  5  6 |
---------------+-------------------+-----
Armour         | 4 5 |  5.3
Fighting       | 4 |  4.6
Shields        | 4 5 |  5.4
Long Blades    | 3 4 5 |  5.0
Dodging        | 1 |  1.4
Stealth        | |  0.8

Action                   |  1- 3 |  4- 6 || total
-------------------------+-------+-------++-------
Melee: Long sword        |    64 |   232 ||   296
       Headbutt          |    17 |    28 ||    45
  Use: Potion            |     3 |     4 ||     7
       Scroll            |       |     7 ||     7
 Stab: Sleeping          |       |     1 ||     1
  Eat: Chunk             |       |     7 ||     7
Armor: Scale mail        |    53 |    97 ||   150
       Chain mail        |       |     6 ||     6
       Plate armour      |       |     1 ||     1
Dodge: Dodged            |    36 |    79 ||   115
Block: Shield            |    55 |   120 ||   175
       Rpst.: Long sword |    11 |    13 ||    24
